 Dungeon Crawl Stone Soup version 0.20.0-8-g6b59dc7 (webtiles) character file.

12357 Monsterracer the Basher (level 11, -14/68 HPs)
             Began as a Gargoyle Fighter on June 2, 2017.
             Was a Priest of Elyvilon.
             Demolished by a white ugly thing (34 damage)
             ... on level 9 of the Dungeon.
             The game lasted 00:18:31 (9711 turns).

Monsterracer the Basher (Gargoyle Fighter)          Turns: 9711, Time: 00:18:31

Health: -14/68     AC: 23    Str: 30    XL:     11   Next: 92%
Magic:  13/13      EV: 11    Int:  9    God:    Elyvilon [***...]
Gold:   511        SH: 12    Dex: 16    Spells: 10/10 levels left

rFire    . . .     SeeInvis .   B - +0 morningstar
rCold    . . .     Gourm    .   c - +0 shield
rNeg     + . .     Faith    +   h - +0 plate armour (curse)
rPois    ∞         Spirit   .   l - +0 helmet
rElec    +         Reflect  .   q - +0 cloak
rCorr    .         Harm     .   (no gloves)
MR       .....                  (no boots)
Stlth    ..........             j - amulet of faith
Regen    0.3/turn               A - ring "Benaatent" {*Slow rPois EV+3 Str+7 Dex+2}
MPRegen  0.2/turn               s - +3 ring of strength

@: no status effects
A: agile 1, negative energy resistance 1, electricity resistance, wild magic 1,
unbreathing, petrification resistance, rot immunity, AC +7
a: Lesser Healing, Heal Other, Purification, Divine Protection, Renounce
Religion


You were on level 9 of the Dungeon.
You worshipped Elyvilon.
Elyvilon was most pleased with you.
You were hungry.

You visited 2 branches of the dungeon, and saw 11 of its levels.

You collected 511 gold pieces.

Inventory:

Hand Weapons
 x - a +1 morningstar of draining
 B - a +0 morningstar (weapon)
Armour
 c - a +0 shield (worn)
 h - a cursed +0 plate armour (worn)
 l - a +0 helmet (worn)
 q - a +0 cloak (worn)
Jewellery
 j - an amulet of faith (around neck)
 s - a +3 ring of strength (right hand)
 A - the ring "Benaatent" (left hand) {*Slow rPois EV+3 Str+7 Dex+2}
   (You found it on level 7 of the Dungeon)

   [ring of evasion]

   It affects your evasion (+3).
   It affects your strength (+7).
   It affects your dexterity (+2).
   It protects you from poison.
   It may slow you when you take damage.
Scrolls
 a - a scroll of fear
 e - a scroll of magic mapping
 g - 2 scrolls of remove curse
 i - 6 scrolls of identify
 m - 6 scrolls of enchant weapon
 o - 4 scrolls of blinking
 t - 3 scrolls of teleportation
 y - 2 scrolls of fog
Potions
 d - 2 potions of might
 n - a potion of mutation
 p - a potion of resistance
 u - a potion of curing
 v - 3 potions of haste
 w - a potion of agility
Books
 z - a book of Enchantments

   Spells                             Type                      Level
   a - Cause Fear                     Hexes                        4
   b - Yara's Violent Unravelling     Hexes/Transmutation          5
   c - Silence                        Hexes/Air                    5
   d - Deflect Missiles               Charms/Air                   6
   e - Discord                        Hexes                        8
Comestibles
 b - 16 royal jellies
 f - 6 bread rations
 k - 5 meat rations
 r - 5 fruits


   Skills:
 + Level 7.6 Fighting
 + Level 14.2 Maces & Flails
 + Level 7.3 Armour
 + Level 4.0 Dodging
 + Level 7.2 Shields
 + Level 3.3 Invocations


You had 10 spell levels left.
You didn't know any spells.

Dungeon Overview and Level Annotations

Branches:
Dungeon (10/15)            Temple (1/1) D:4             Orc (0/2) D:9
   Lair: D:8-11

Altars:
Ashenzari
Cheibriados
Dithmenos
Elyvilon
Fedhas
Gozag
Hepliaklqana
Kikubaaqudgha
Makhleb
Nemelex Xobeh
Okawaru
Qazlal
Ru
Sif Muna
Trog
Uskayaw
Vehumet
Xom
Yredelemnul
Zin
The Shining One

Shops:
D:9 *


Innate Abilities, Weirdness & Mutations

You are resistant to torment.
Your stone body is resilient. (AC +7)
You are immune to poison.
You resist negative energy. (rN+)
You are resistant to electric shocks. (rElec)
You can survive without breathing.
You are immune to petrification.
You are immune to rotting.
You are agile. (Dex +2)
Your spells are a little harder to cast, but a little more powerful.


Message History

The white ugly thing headbutts you. The white ugly thing freezes you!!
* * * LOW HITPOINT WARNING * * *
The white ugly thing headbutts you but does no damage.
You climb upwards.
There is a stone staircase leading down here.
You beseech Elyvilon to protect your life.
The white ugly thing headbutts you but does no damage.
You block the white ugly thing's attack.
You block the white ugly thing's attack.
The white ugly thing headbutts you but does no damage.
The white ugly thing barely misses you.
The white ugly thing headbutts you but does no damage.
Your divine protection fades away.
The white ugly thing headbutts you but does no damage.
You feel yourself speed up. The white ugly thing headbutts you.
* * * LOW HITPOINT WARNING * * *
The white ugly thing freezes you!!
Ouch! That really hurt!
You die...

#...................##
#..>................##
#.....................
#....................^
#.###############.....
#.# #..### #.# #..#
#.###############..#
#...u@.............###
#..(..................
######################


You could see a white ugly thing.

Vanquished Creatures
  The ghost of no0bjke the Cleaver, a novice GrFi (D:7)
  Pikel (D:7)
  The ghost of stringdemon the Frost Mage, a novice VSIE of Vehumet (D:8)
  The ghost of DogShitOnMyToe the Cudgeler, a novice OgEE (D:4)
  Psyche (D:8)
  A troll (D:9)
  2 hornets
  3 hippogriffs
  A hungry ghost (D:8)
  2 wargs (D:8)
  Edmund (D:6)
  2 soldier ants (D:8)
  Duvessa (D:6)
  3 orc warriors (D:9)
  A water moccasin (D:7)
  2 black bears
  2 ice beasts
  2 sky beasts
  4 phantoms
  3 ogres
  2 centaurs (D:6)
  Blork the orc (D:5)
  A bullfrog (D:7)
  Dowan (D:6)
  A wyvern zombie (D:7)
  A wyvern skeleton (D:7)
  2 scorpions
  3 howler monkeys
  3 crimson imps
  A quasit (D:7)
  A bullfrog zombie (D:6)
  A gnoll shaman (D:5)
  3 hounds
  3 jellies
  10 orc priests
  Crazy Yiuf (D:2)
  2 centaur skeletons
  8 worker ants
  4 iguanas
  5 orc wizards
  A hound zombie (D:9)
  A worker ant zombie (D:7)
  9 adders
  8 gnolls
  2 shadow imps
  2 oozes
  An adder skeleton (D:9)
  3 worms
  4 dart slugs (D:1)
  9 leopard geckos
  25 orcs
  4 giant cockroaches
  5 goblins
  4 hobgoblins
  20 jackals
  12 kobolds
  4 quokkas
  6 bats
  3 frilled lizards
  A jackal zombie (D:8)
  A quokka skeleton (D:9)
  9 rats
223 creatures vanquished.

Vanquished Creatures (collateral kills)
  A bullfrog (D:6)
  An adder (D:6)
2 creatures vanquished.

Vanquished Creatures (others)
  An orc (D:7)
1 creature vanquished.

Grand Total: 226 creatures vanquished

Notes
Turn   | Place    | Note
-------+----------+-------------------------------------------
     0 | D:1      | Monsterracer the Gargoyle Fighter began the quest for the Orb.
     0 | D:1      | Reached XP level 1. HP: 14/14 MP: 1/1
    53 | D:1      | Reached XP level 2. HP: 16/19 MP: 2/2
   101 | D:1      | Reached skill level 3 in Maces & Flails
   561 | D:1      | Reached XP level 3. HP: 21/23 MP: 3/3
   767 | D:2      | Found a shattered altar of Ashenzari.
   781 | D:2      | Reached skill level 4 in Maces & Flails
   994 | D:2      | Reached XP level 4. HP: 28/28 MP: 4/4
  1430 | D:2      | Found a stormy altar of Qazlal.
  1629 | D:2      | Found a runed door.
  1633 | D:2      | Noticed Crazy Yiuf
  1636 | D:2      | Killed Crazy Yiuf
  1636 | D:2      | Reached skill level 5 in Maces & Flails
  1636 | D:2      | Reached XP level 5. HP: 32/32 MP: 5/5
  2409 | D:3      | Found an ancient bone altar of Kikubaaqudgha.
  2691 | D:4      | Reached skill level 6 in Maces & Flails
  2693 | D:4      | Noticed DogShitOnMyToe's ghost (novice OgEE)
  2706 | D:4      | Reached XP level 6. HP: 34/37 MP: 6/6
  2714 | D:4      | Killed DogShitOnMyToe's ghost
  2714 | D:4      | Reached skill level 7 in Maces & Flails
  2714 | D:4      | Reached XP level 7. HP: 27/41 MP: 7/7
  2721 | D:4      | Reached skill level 8 in Maces & Flails
  2977 | D:4      | Found a sacrificial altar of Ru.
  3446 | D:4      | Found a staircase to the Ecumenical Temple.
  3594 | Temple   | Entered the Ecumenical Temple
  3788 | D:4      | Reached XP level 8. HP: 48/48 MP: 8/8
  4005 | D:4      | Found a blossoming altar of Fedhas.
  4031 | D:5      | Entered Level 5 of the Dungeon
  4317 | D:4      | Reached skill level 9 in Maces & Flails
  4575 | D:5      | Noticed Blork the orc
  4593 | D:5      | Killed Blork the orc
  4652 | D:5      | Found a sparkling altar of Nemelex Xobeh.
  4656 | D:5      | Gained mutation: Your spells are a little harder to cast, but a little more powerful. [potion of mutation]
  4656 | D:5      | Gained mutation: You are agile. (Dex +2) [potion of mutation]
  4929 | D:5      | Found a deep blue altar of Sif Muna.
  5064 | D:6      | Reached skill level 5 in Fighting
  5064 | D:6      | Reached skill level 1 in Dodging
  5064 | D:6      | Reached XP level 9. HP: 33/54 MP: 9/9
  5197 | D:6      | Found an opulent altar of Gozag.
  5244 | D:6      | Noticed Duvessa
  5244 | D:6      | Noticed Dowan
  5281 | D:6      | Killed Duvessa
  5297 | D:6      | Killed Dowan
  5297 | D:6      | Reached skill level 5 in Armour
  5438 | D:6      | Noticed Edmund
  5450 | D:6      | Killed Edmund
  5450 | D:6      | Reached skill level 5 in Shields
  5647 | D:6      | Reached skill level 10 in Maces & Flails
  6154 | D:7      | Noticed no0bjke's ghost (novice GrFi)
  6169 | D:7      | Killed no0bjke's ghost
  6169 | D:7      | Reached XP level 10. HP: 39/60 MP: 10/10
  6319 | D:7      | Found a white marble altar of Elyvilon.
  6341 | D:7      | Became a worshipper of Elyvilon the Healer
  6693 | D:7      | Noticed Pikel
  6714 | D:7      | Killed Pikel
  6714 | D:7      | Reached skill level 11 in Maces & Flails
  6714 | D:7      | Reached skill level 1 in Invocations
  7195 | D:7      | Got a twitching bone ring
  7196 | D:7      | Identified the ring "Benaatent" {*Slow rPois EV+3 Str+7 Dex+2} (You found it on level 7 of the Dungeon)
  7291 | D:7      | Found a glowing silver altar of Zin.
  7361 | D:8      | Reached skill level 14 in Maces & Flails
  7361 | D:8      | Reached XP level 11. HP: 66/66 MP: 12/12
  7380 | D:8      | Noticed stringdemon's ghost (novice VSIE)
  7403 | D:8      | Killed stringdemon's ghost
  7621 | D:8      | Reached * piety under Elyvilon
  7684 | D:8      | Found a shadowy altar of Dithmenos.
  8096 | D:8      | Found an opulent altar of Gozag.
  8100 | D:8      | Reached ** piety under Elyvilon
  8183 | D:8      | Noticed Psyche
  8193 | D:8      | Killed Psyche
  8365 | D:9      | Found Fonoh's Assorted Antiques.
  8599 | D:9      | Found a bloodstained altar of Trog.
  8669 | D:9      | Found an iron altar of Okawaru.
  9078 | D:9      | Found a staircase to the Orcish Mines.
  9082 | D:9      | Reached *** piety under Elyvilon
  9695 | D:10     | Entered Level 10 of the Dungeon
  9695 | D:10     | Noticed a white ugly thing
  9711 | D:9      | Demolished by a white ugly thing

Skill      XL: |  1  2  3  4  5  6  7  8  9 10 11 |
---------------+----------------------------------+-----
Maces & Flails | 3 4 5 6 7 8 9 10 14 | 14.2
Fighting       | 5 6 7 |  7.6
Armour         | 4 6 7 |  7.3
Shields        | 4 5 6 7 |  7.2
Dodging        | 1 2 3 4 |  4.0
Invocations    | 1 3 |  3.3

Action                   |  1- 3 |  4- 6 |  7- 9 | 10-12 || total
-------------------------+-------+-------+-------+-------++-------
Melee: Flail             |   128 |   239 |   426 |   334 ||  1127
       Morningstar       |       |       |       |    49 ||    49
Invok: Divine Protection |       |       |       |     2 ||     2
  Use: Scroll            |       |    10 |     4 |     1 ||    15
       Potion            |       |     5 |     5 |     3 ||    13
  Eat: Chunk             |       |     6 |    11 |    13 ||    30
       Fruit             |       |       |       |     1 ||     1
Armor: Scale mail        |    10 |       |       |       ||    10
       Chain mail        |    77 |   149 |   226 |    79 ||   531
       Plate armour      |       |       |       |    54 ||    54
Dodge: Dodged            |    34 |    65 |    87 |   100 ||   286
Block: Shield            |    64 |   116 |   181 |   178 ||   539
